 Dungeon Crawl Stone Soup version 0.23-a0-169-gb21e69520c (webtiles) character file.

66 PikkenKukken the Insei (level 3, -4/29 HPs)
             Began as a Demonspawn Monk on Sept 12, 2018.
             Slain by a gnoll
             ... wielding a +0 spear
              (9 damage)
             ... on level 2 of the Dungeon.
             The game lasted 00:02:52 (1891 turns).

PikkenKukken the Insei (Demonspawn Monk)            Turns: 1891, Time: 00:02:52

Health: -4/29      AC:  3    Str: 11    XL:     3   Next: 96%
Magic:  3/3        EV: 13    Int: 11    God:
Gold:   35         SH:  0    Dex: 16    Spells: 2/2 levels left

rFire    . . .     SeeInvis .     - Unarmed
rCold    . . .     Gourm    .   (no shield)
rNeg     . . .     Faith    .   e - +0 leather armour
rPois    .         Spirit   .   (no helmet)
rElec    .         Reflect  .   (no cloak)
rCorr    .         Harm     .   (no gloves)
MR       .....                  (no boots)
Stlth    ++........             (no amulet)
HPRegen  0.09/turn              (no ring)
MPRegen  0.08/turn              (no ring)

@: no status effects
A: talons 1, powered by pain 1
a: no special abilities


You were on level 2 of the Dungeon.
You were not hungry.

You visited 1 branch of the dungeon, and saw 2 of its levels.

You collected 35 gold pieces.

Inventory:

Armour
 a - a +0 robe
 e - a +0 leather armour (worn)
Scrolls
 c - a scroll of identify
Potions
 d - a potion of flight
 f - a potion of heal wounds
 g - a potion of degeneration {unknown}
Comestibles
 b - 5 rations
 h - 3 chunks of flesh


   Skills:
 + Level 3.4 Fighting
 + Level 1.2 Armour
 + Level 3.1 Dodging
 - Level 1.7 Stealth
 * Level 3.4 Unarmed Combat


You had 2 spell levels left.
You didn't know any spells.
Your spell library was empty.

Dungeon Overview and Level Annotations

Branches:
Dungeon (2/15)

Altars:


Innate Abilities, Weirdness & Mutations

You have sharp toenails.
You sometimes gain a little power by taking damage.


Message History

The frilled lizard completely misses you.
The gnoll hits you with a spear!
You are too injured to fight recklessly!
You are too injured to fight recklessly!
You are too injured to fight recklessly!
You are too injured to fight recklessly!
You are too injured to fight recklessly!
You are too injured to fight recklessly!
You are too injured to fight recklessly!
You are too injured to fight recklessly!
You barely miss the gnoll.
The gnoll is almost dead.
The frilled lizard closely misses you. The gnoll hits you with a spear.
* * * LOW HITPOINT WARNING * * *
You barely miss the gnoll.
The gnoll is almost dead.
The frilled lizard bites you.
* * * LOW HITPOINT WARNING * * *
The gnoll hits you with a spear!
You die...

####..........#
..#...#####'###
###########.#...#####.#
.........##.#...#...<.#
.........##.#...#.###.#
............#...# #.#
............#...# #..
.......<....#...# ####
.......g@...#...#
........l...#...#
#######.....#...#
.g......r....#
....#.r......#
.....#........#
.....#..........
.$...#............
....##........


You could see a gnoll, a quokka, a frilled lizard and a rat.

Vanquished Creatures
  3 gnolls (D:1)
  A dart slug (D:1)
  A giant cockroach (D:1)
  3 goblins (D:1)
  4 hobgoblins (D:1)
  3 jackals (D:1)
  7 kobolds
  2 ball pythons
  3 bats (D:1)
  3 frilled lizards
  4 rats (D:1)
34 creatures vanquished.

Notes
Turn   | Place    | Note
-------+----------+-------------------------------------------
     0 | D:1      | PikkenKukken the Demonspawn Monk began the quest for the
                  | Orb.
     0 | D:1      | Reached XP level 1. HP: 18/18 MP: 1/1
   474 | D:1      | Gained mutation: You sometimes gain a little power by
                  | taking damage. [demonic ancestry]
   474 | D:1      | Reached XP level 2. HP: 24/24 MP: 2/2
  1279 | D:1      | Gained mutation: You have sharp toenails. [demonic
                  | ancestry]
  1279 | D:1      | Reached XP level 3. HP: 23/29 MP: 3/3
  1623 | D:1      | Reached skill level 1 in Armour
  1891 | D:2      | Slain by a gnoll

Vault maps used:
D:1:      eino_arrival_cavern_e, serial_bayou_pond_b
D:2:      corexii_corridor_pit

Skill      XL: |  1  2  3 |
---------------+----------+-----
Unarmed Combat | 3 |  3.4
Dodging        | 3 |  3.1
Armour         | 1 |  1.2
Fighting       | |  3.4
Stealth        | |  1.7

Action                   || total
-------------------------++-------
Melee: Unarmed           ||   151
       Punch             ||     5
       Kick              ||    10
  Use: Scroll            ||     6
  Eat: Chunk             ||     3
Armor: Robe              ||    15
       Leather armour    ||     8
Dodge: Dodged            ||   142

Table legend:
 A = Non-vault XP
 B = Vault XP
 C = Vault XP percentage of total XP
 D = Non-vault monster count
 E = Vault monster count
 F = Vault count percentage of total count
                 A         B        C        D         E       F
            +---------+---------+-------+---------+---------+-------
      Total |      92 |       3 |   3.2 |      32 |       2 |   5.9
            +---------+---------+-------+---------+---------+-------
        D:1 |      88 |       3 |   3.3 |      29 |       2 |   6.5
        D:2 |       4 |       0 |   0.0 |       3 |       0 |   0.0
            +---------+---------+-------+---------+---------+-------
